 Dungeon Crawl Stone Soup version 0.24-a0-537-g2d01d4ab0a (webtiles) character file.

Game seed: 17738775522270986868

182 DasRunzen the Skirmisher (level 5, -2/47 HPs)
             Began as a Draconian Berserker on Aug 14, 2019.
             Was a Priest of Trog.
             Slain by an orc
             ... wielding a +0 club
              (3 damage)
             ... on level 4 of the Dungeon.
             The game lasted 00:04:16 (1542 turns).

DasRunzen the Skirmisher (Draconian Berserker)      Turns: 1542, Time: 00:04:16

Health: -2/47      AC:  6    Str: 21    XL:     5   Next: 34%
Magic:  5/5        EV: 13    Int:  7    God:    Trog [***...]
Gold:   116        SH:  0    Dex: 10    Spells: 4/4 levels left

rFire    . . .     SeeInvis .   a - +1 spear
rCold    . . .     Gourm    .   (no shield)
rNeg     . . .     Faith    .   (armour unavailable)
rPois    .         Spirit   .   (helmet restricted)
rElec    .         Reflect  +   (no cloak)
rCorr    .         Harm     .   (no gloves)
MR       .....                  h - +0 pair of boots
Stlth    +.........             k - +4 amulet of reflection
HPRegen  0.15/turn              (no ring)
MPRegen  0.09/turn              (no ring)

@: confused
A: unfitting armour, cold-blooded, AC +5
a: Berserk, Trog's Hand, Renounce Religion


You were on level 4 of the Dungeon.
You worshipped Trog.
Trog was most pleased with you.
You were very hungry.

You visited 1 branch of the dungeon, and saw 4 of its levels.

You collected 116 gold pieces.

Inventory:

Hand Weapons
 a - a +1 spear (weapon)
Armour
 h - a +0 pair of boots (worn)
Jewellery
 k - a +4 amulet of reflection (around neck)
Wands
 f - a wand of random effects (9)
Potions
 c - a potion of heal wounds
 d - a potion of flight
 e - a potion of resistance
 i - a potion of cancellation {unknown}
 j - 2 potions of curing
Comestibles
 b - 9 rations


   Skills:
 + Level 4.7 Fighting
 + Level 4.2 Polearms
 + Level 3.8 Dodging


You had 4 spell levels left.
You didn't know any spells.
Your spell library was empty.

Dungeon Overview and Level Annotations

Branches:
Dungeon (4/15)
 Temple: D:4-7

Altars:


Innate Abilities, Weirdness & Mutations

Your plain brown scales are hard. (AC +5)
You cannot fit into any form of body armour.
You are cold-blooded and may be slowed by cold attacks.


Message History

Found 7 gold pieces.
You hit the orc.
The orc is moderately wounded.
Something hits you.
* * * LOW HITPOINT WARNING * * *
The giant cockroach bites you but does no damage.
The orc hits you with a +0 club.
* * * LOW HITPOINT WARNING * * *
The giant cockroach bites you but does no damage.
You hear some strange, mumbled words.
A puff of flame appears from out of thin air!
The puff of flame hits you.
* * * LOW HITPOINT WARNING * * *
The adder bites you.
* * * LOW HITPOINT WARNING * * *
Unknown command.
You're too confused to move!
The giant cockroach barely misses you. The adder barely misses you.
The worm closely misses you. The orc hits you with a +0 club.
You die...

###...#######################
##......# ##.###.# .# #.###)#
####..# #..##.# ..$...#
##.##.###..#....
#.##..#......# ##.#.).o.S...#
##.)..##s@#...# #..#†.###w#
... #.##.## #... . #.. #.#
###.w #.. ### .## ##. . #. .#
## .


You could see a worm, an adder, an orc and a giant cockroach.

Vanquished Creatures
  2 hounds (D:4)
  5 adders
  An ooze (D:1)
  A worm (D:2)
  A dart slug (D:1)
  A leopard gecko (D:2)
  3 orcs (D:4)
  2 giant cockroaches
  6 goblins
  13 hobgoblins
  5 jackals (D:1)
  7 kobolds
  A quokka (D:4)
  A ball python (D:4)
  6 bats
  2 frilled lizards
  7 rats
64 creatures vanquished.

Notes
Turn   | Place    | Note
-------+----------+-------------------------------------------
     0 | D:1      | DasRunzen the Draconian Berserker began the quest for the
                  | Orb.
     0 | D:1      | Reached XP level 1. HP: 19/19 MP: 1/1
   198 | D:1      | Reached XP level 2. HP: 20/26 MP: 2/2
   428 | D:1      | Reached ** piety under Trog
   624 | D:2      | Reached XP level 3. HP: 33/33 MP: 3/3
   939 | D:2      | Reached XP level 4. HP: 24/40 MP: 4/4
  1112 | D:3      | Reached *** piety under Trog
  1435 | D:4      | Reached XP level 5. HP: 46/47 MP: 5/5
  1541 | D:4      | HP: 2/47 [something/puff of flame (6)]
  1542 | D:4      | Slain by an orc

Levels and vault maps discovered:
D:1:      dpeg_arrival_houses_and_road, layout_loops_ring
D:2:      layout_rooms, minmay_goblin_outpost
D:3:      layout_rooms
D:4:      layout_rooms, enter_ossuary_3

Skill      XL: |  1  2  3  4 |
---------------+-------------+-----
Dodging        | 3 |  3.8
Fighting       | 4 |  4.7
Polearms       | 4 |  4.2

Action                   |  1- 3 |  4- 6 || total
-------------------------+-------+-------++-------
Melee: Spear             |   167 |    99 ||   266
       Tailslap          |     9 |     8 ||    17
  Use: Scroll            |     6 |     6 ||    12
       Potion            |       |     1 ||     1
 Stab: Sleeping          |     1 |       ||     1
  Eat: Chunk             |       |     1 ||     1
Armor: Skin              |    42 |    25 ||    67
Dodge: Dodged            |    88 |    59 ||   147
Block: Other             |       |     3 ||     3

Table legend:
 A = Non-vault XP
 B = Vault XP
 C = Vault XP percentage of total XP
 D = Non-vault monster count
 E = Vault monster count
 F = Vault count percentage of total count
                 A         B        C        D         E       F
            +---------+---------+-------+---------+---------+-------
      Total |     239 |      21 |   8.1 |      53 |      11 |  17.2
            +---------+---------+-------+---------+---------+-------
        D:1 |      39 |       0 |   0.0 |      19 |       0 |   0.0
        D:2 |      37 |      21 |  36.2 |      14 |      11 |  44.0
        D:3 |      28 |       0 |   0.0 |      10 |       0 |   0.0
        D:4 |     135 |       0 |   0.0 |      10 |       0 |   0.0
            +---------+---------+-------+---------+---------+-------
